 Dungeon Crawl Stone Soup version 0.29-a0-575-g0dc89cf053 (webtiles) character file.

Game seed: 2657926951656075569

44 DocClef the Covert (level 3, -6/35 HPs)
             Began as a Gnoll Delver on June 12, 2022.
             Mangled by a hell rat (14 damage)
             ... in a sewer.
             The game lasted 00:00:40 (664 turns).

DocClef the Covert (Gnoll Delver)                    Turns: 664, Time: 00:00:41

Health: -6/35      AC:  3    Str: 11    XL:     3   Next: 60%
Magic:  4/4        EV: 13    Int:  9    God:
Gold:   0          SH:  0    Dex: 15    Spells: 3/3 levels left

rFire   . . .      SeeInvis .   a - +0 short sword
rCold   . . .      Faith    .   (no shield)
rNeg    . . .      Spirit   .   b - +0 leather armour
rPois   .          Reflect  .   (no helmet)
rElec   .          Harm     .   (no cloak)
rCorr   .          Rampage  .   (no gloves)
Will    .....                   (no boots)
Stlth   ++++......              (no amulet)
HPRegen 0.11/turn               (no ring)
MPRegen 0.09/turn               (no ring)

@: no status effects
A: fangs 1, strong nose, distributed training
a: no special abilities


You were in a sewer.
You visited 1 branch of the dungeon, and saw 1 of its levels.
You also visited: Sewer.

Inventory:

Hand Weapons
 a - a +0 short sword (weapon)
Armour
 b - a +0 leather armour (worn)
Wands
 g - a wand of digging (3)
Scrolls
 c - a scroll of fog
 d - a scroll of magic mapping
 e - a scroll of fear
Potions
 f - a potion of haste


   Skills:
 + Level 6.5 Fighting
 + Level 4.5 Short Blades
 + Level 0.9 Long Blades
 + Level 0.9 Axes
 + Level 0.9 Maces & Flails
 + Level 0.9 Polearms
 + Level 0.9 Staves
 + Level 0.9 Slings
 + Level 0.9 Bows
 + Level 0.9 Crossbows
 + Level 0.9 Throwing
 + Level 0.9 Armour
 + Level 4.5 Dodging
 + Level 9.6 Stealth
 + Level 0.9 Shields
 + Level 0.9 Unarmed Combat
 + Level 0.9 Spellcasting
 + Level 0.6 Conjurations
 + Level 0.6 Hexes
 + Level 0.6 Summonings
 + Level 0.6 Necromancy
 + Level 0.6 Translocations
 + Level 0.6 Transmutations
 + Level 0.6 Fire Magic
 + Level 0.6 Ice Magic
 + Level 0.6 Air Magic
 + Level 0.6 Earth Magic
 + Level 0.6 Poison Magic
 + Level 1.0 Invocations
 + Level 0.9 Evocations


You had 3 spell levels left.
You didn't know any spells.
Your spell library was empty.

Dungeon Overview and Level Annotations

Branches:
Dungeon (5/15)              Sewer (1/1)
 Temple: D:4-7

Altars:


Innate Abilities, Weirdness & Mutations

You have very sharp teeth.
Your uncanny sense of smell can sniff out nearby items.
Your experience applies equally to all skills.


Message History

Moving in this stuff is going to be slow.
You enter the shallow water.
Moving in this stuff is going to be slow.
You open the door.
A hell rat comes into view.
Found 16 gold pieces, a pink potion, a brown potion and a pair of gloves.
Found a gate leading back out of this place.
Found a scroll of fog, a potion of haste and a scroll labelled ZUPRAY MIHI.
There is an open door here.
You enter the shallow water.
Moving in this stuff is going to be slow.
The hell rat roars deafeningly!
The hell rat misses you. The hell rat bites you.
You hit the hell rat.
The hell rat is moderately wounded.
The hell rat closely misses you.
You completely miss the hell rat.
You bite the hell rat, but do no damage.
The hell rat is moderately wounded.
The hell rat barely misses you.
You barely miss the hell rat.
The hell rat is moderately wounded.
The hell rat splashes around in the water.
You hit the hell rat.
The hell rat is heavily wounded.
The hell rat closely misses you.
You hit the hell rat but do no damage.
The hell rat is heavily wounded.
The hell rat completely misses you.
You hit the hell rat but do no damage.
The hell rat is heavily wounded.
The hell rat bites you! x2
* * * LOW HITPOINT WARNING * * *
You closely miss the hell rat.
The hell rat is heavily wounded.
The hell rat misses you.
You barely miss the hell rat.
The hell rat is heavily wounded.
The hell rat bites you!
You die...

#####
###..≈###
#....≈≈.#
##..≈..≈≈##
#...###≈≈.#
##≈.##≈##≈.##
#..≈#≈≈≈#...#
#≈.##?.≈##≈.#
#≈≈#!?≈r@#..#
#∩∩#∩$≈≈≈'≈≈#
#.÷#!!≈≈≈#≈÷#
#≈.##[≈≈##≈.#
#.≈≈#.≈.#.≈≈#
##≈≈##≈##.≈##
#...###≈≈≈#
##≈.≈≈≈.≈##
#≈.≈≈≈≈≈#


You could see a hell rat.

Vanquished Creatures
  An adder (D:5)
  3 river rats
  A worm (D:5)
  A giant cockroach (D:5)
  3 rats (Sewer)
9 creatures vanquished.

Notes
Turn   | Place    | Note
-------+----------+-------------------------------------------
     0 | D:5      | Reached skill level 9 in Stealth
     0 | D:5      | DocClef the Gnoll Delver began the quest for the Orb.
     0 | D:5      | Reached XP level 1. HP: 23/23 MP: 1/1
     8 | D:5      | Found a glowing drain.
    21 | D:5      | Reached XP level 2. HP: 15/29 MP: 2/2
    64 | Sewer    | Entered a sewer
    75 | Sewer    | Reached XP level 3. HP: 5/35 MP: 2/4
   382 | Sewer    | Reached skill level 1 in Invocations
   664 | Sewer    | Mangled by a hell rat

Illustrated notes

Levels and vault maps discovered:
D:5:      layout_loops_corners, temple_hall, portal_sewer_entry_a,
          grunt_ministairs_13
Sewer:    sewer_hellmonk_bad_rat

Skill      XL: |  1  2  3 |
---------------+----------+-----
Stealth        | |  9.6
Invocations    | 1 |  1.0
Fighting       | |  6.5
Short Blades   | |  4.5
Long Blades    | |  0.9
Axes           | |  0.9
Maces & Flails | |  0.9
Polearms       | |  0.9
Staves         | |  0.9
Slings         | |  0.9
Bows           | |  0.9
Crossbows      | |  0.9
Throwing       | |  0.9
Armour         | |  0.9
Dodging        | |  4.5
Shields        | |  0.9
Unarmed Combat | |  0.9
Spellcasting   | |  0.9
Conjurations   | |  0.6
Hexes          | |  0.6
Summonings     | |  0.6
Necromancy     | |  0.6
Translocations | |  0.6
Transmutations | |  0.6
Fire Magic     | |  0.6
Ice Magic      | |  0.6
Air Magic      | |  0.6
Earth Magic    | |  0.6
Poison Magic   | |  0.6
Evocations     | |  0.9

Action                   || total
-------------------------++-------
Melee: Short sword       ||    58
       Bite              ||     6
 Stab: Sleeping          ||     1
Armor: Leather armour    ||    13
Dodge: Dodged            ||    36

Table legend: (Time is in decaauts)
 A = Elapsed time spent in this place.
 B = Non-inter-level travel time spent in this place.
 C = Inter-level travel time spent in this place.
 D = Time resting spent in this place.
 E = Time spent auto-exploring this place.
 F = Levels seen in this place.
 G = Mean time per level.
                   A        B        C        D        E       F      G
               +--------+--------+--------+--------+--------+-----+--------+
         Total |    675 |    675 |      0 |    516 |     12 |   2 |  337.5 |
       Dungeon |     62 |     62 |      0 |      0 |      7 |   1 |   62.0 |
         Sewer |    612 |    612 |      0 |    516 |      5 |   1 |  612.0 |
               +--------+--------+--------+--------+--------+-----+--------+

Top non-repeatable levels by time:
   Sewer: 612 daAuts
     D:5: 62 daAuts
